 Dungeon Crawl Stone Soup version 0.24-a0-446-g87df7205b4 (webtiles) character file.

Game seed: 12634064550935740345

5 emperorscorpion the Chopper (level 1, -12/20 HPs)
             Began as a Deep Dwarf Berserker on June 24, 2019.
             Was a Follower of Trog.
             Killed from afar by a ball python (30 damage)
             ... with an exploding inner flame
             ... hexed by the player character
             ... on level 2 of the Dungeon.
             The game lasted 00:01:37 (175 turns).

emperorscorpion the Chopper (Deep Dwarf Berserker)   Turns: 175, Time: 00:01:37

Health: -12/20     AC:  5    Str: 20    XL:     1   Next: 66%
Magic:  1/1        EV: 11    Int:  7    God:    Trog [*.....]
Gold:   25         SH:  0    Dex: 12    Spells: 0/0 levels left

rFire    . . .     SeeInvis .   a - +0 hand axe
rCold    . . .     Gourm    .   (no shield)
rNeg     . . .     Faith    .   e - +0 ring mail
rPois    .         Spirit   .   (no helmet)
rElec    .         Reflect  .   (no cloak)
rCorr    .         Harm     .   (no gloves)
MR       .....                  (no boots)
Stlth    +.........             (no amulet)
HPRegen  0.00/turn              (no ring)
MPRegen  0.07/turn              (no ring)

@: non-regenerating
A: damage resistance, heal wounds, sense surroundings 1, no regeneration
a: Heal Wounds, Berserk, Renounce Religion


You were on level 2 of the Dungeon.
You worshipped Trog.
Trog was aware of your devotion.
You were not hungry.

You visited 1 branch of the dungeon, and saw 2 of its levels.

You collected 25 gold pieces.

Inventory:

Hand Weapons
 a - a +0 hand axe (weapon)
Missiles
 d - 15 poisoned darts (quivered)
Armour
 b - a +0 animal skin
 e - a +0 ring mail (worn)
 g - a cursed +0 helmet
Comestibles
 c - 2 rations
 f - a chunk of flesh


   Skills:
 + Level 2.8 Fighting
 + Level 3.4 Axes
 + Level 2.2 Armour
 + Level 2.2 Dodging


You couldn't memorise any spells.
You didn't know any spells.
Your spell library was empty.

Dungeon Overview and Level Annotations

Branches:
Dungeon (2/15)

Altars:


Innate Abilities, Weirdness & Mutations

You are resistant to damage.
You can heal yourself by infusing magical energy.
You passively map a small area around you.
You do not regenerate.


Message History

The bat barely misses you. The bat closely misses you.
You see here a ration.
c - 2 rations (gained 1)
The bat closely misses you. The goblin hits you but does no damage.
A frilled lizard comes into view.
The frilled lizard hisses angrily.
The bat hits you but does no damage.
You closely miss the bat.
Your ring mail prevents you from hitting the ball python.
You slash the goblin!
The goblin explodes!
The fiery explosion engulfs the ball python!!
The ball python explodes!
The fiery explosion engulfs the kobold!
The kobold explodes!
Trog accepts your kill. The fiery explosion engulfs you!!
Ouch! That really hurt!
You die...

###.######.......##....
, #. ###.#........... ,
, , #.
,....##S#.#.#...# * , ,
#. * ##.........#...#
#. ........#.......# ,
, *###.###.#§§§##..# ,
, , .......§§§§# , ,
###.###.#§§§# ,*
,**#.#§@.#* , * , ,
#......b...... ,
.............l. , *
.#.#.###.##<##. ,#.#.
..,... ,#. ... ... , ,
# .##. . , *, * * .# ,
*


You could see a bat (inner flame) and a frilled lizard.

Vanquished Creatures
  2 bats (D:1)
  2 kobolds (D:2)
  A ball python (D:1)
  A frilled lizard (D:1)
6 creatures vanquished.

Notes
Turn   | Place    | Note
-------+----------+-------------------------------------------
     0 | D:1      | emperorscorpion the Deep Dwarf Berserker began the quest
                  | for the Orb.
     0 | D:1      | Reached XP level 1. HP: 20/20 MP: 1/1
   175 | D:2      | Killed from afar by a ball python

Levels and vault maps discovered:
D:1:      co_arrival_square_in_a_square_in_a_square, layout_loops_corners,
          hangedman_decor_growths
D:2:      layout_basic

Action                   || total
-------------------------++-------
Melee: Hand axe          ||    11
  Use: Scroll            ||     2
Armor: Ring mail         ||    19
       Animal skin       ||     4
Dodge: Dodged            ||    30

Table legend:
 A = Non-vault XP
 B = Vault XP
 C = Vault XP percentage of total XP
 D = Non-vault monster count
 E = Vault monster count
 F = Vault count percentage of total count
                 A         B        C        D         E       F
            +---------+---------+-------+---------+---------+-------
      Total |       8 |       0 |   0.0 |       6 |       0 |   0.0
            +---------+---------+-------+---------+---------+-------
        D:1 |       5 |       0 |   0.0 |       4 |       0 |   0.0
        D:2 |       3 |       0 |   0.0 |       2 |       0 |   0.0
            +---------+---------+-------+---------+---------+-------
